[Event "Chinese League Div-A Rapid 2022"]
[Site "Fuling,Chongqing"]
[Date "2022.09.19"]
[Round "11.3"]
[White "Lou, Yiping"]
[Black "Zeng, Chongsheng"]
[Result "0-1"]
[ECO "D45"]
[WhiteElo "2485"]
[BlackElo "2597"]
[Annotator "TA"]
[PlyCount "120"]
[EventDate "2022.09.07"]
[EventType "team-tourn"]
[EventCountry "CHN"]
[SourceTitle "playchess.com"]
[Source "ChessBase"]
[SourceQuality "1"]
[TimeControl "1500+10"]

1. Nf3 Nf6 2. d4 d5 3. c4 e6 4. Nc3 c6 5. e3 Nbd7 6. Qc2 b6 7. Bd3 Bb7 8. cxd5 {[%emt 0:00:21] D45: Semi-Slav: 5 e3.} cxd5 9. O-O Be7 10. Bd2 {[%emt 0:01:05] The position is equal.} O-O 11. Ne5 Rc8 {[%emt 0:00:18] [#]} 12. Rad1 $146 ({Predecessor:} 12. f4 Ne4 13. Be1 Nxe5 14. fxe5 Bg5 15. Qe2 f6 16. Nb5 fxe5 17. Rxf8+ Qxf8 18. dxe5 {1-0 (34) Viswanath,S (1967)-Tan,J (2281) Kuala Lumpur 2007}) 12... h6 13. f4 a6 14. Be1 $1 Ne4 15. Qe2 $1 b5 16. Qf3 f5 17. Ne2 (17. Ng6 $5 ) 17... Nxe5 18. fxe5 g5 19. g4 fxg4 (19... Qe8 $1 $11 {is more appropriate.}) 20. Qxg4 $14 Rxf1+ 21. Kxf1 Qf8+ $1 22. Kg2 Qf7 23. Ng3 $1 {[%emt 0:00:48] Prevents h5.} Nxg3 24. hxg3 (24. Bxg3 $14 h5 25. Qe2) 24... h5 $11 25. Qf3 (25. Qe2 {looks sharper.} g4 26. a3 Rf8 27. Rc1) 25... Qxf3+ 26. Kxf3 g4+ 27. Kg2 Kg7 {[%emt 0:00:02] Inhibits Bg6.} 28. Bd2 Bc6 29. Rc1 Bd7 30. a4 Rxc1 (30... bxa4 $5 31. Rxc8 Bxc8 $15) 31. Bxc1 $15 {[%emt 0:00:01][%mdl 4096] Endgame KBB-KBB} Be8 32. axb5 axb5 33. e4 Bc6 34. exd5 Bxd5+ 35. Kh2 b4 (35... Bc4 $5 36. Be4 Bb4 $11) 36. Bd2 b3 37. Be2 Bd8 38. Kg1 Bb6 39. Bc3 Kh6 40. Bd2+ Kg6 41. Bd3+ Kg7 42. Bc3 Bd8 {[%emt 0:00:09] Strongly threatening ...Bg5.} 43. Be2 $2 {[%emt 0:00:38][%mdl 8192] [#]} (43. Bd2 $11) 43... Bg5 $1 $19 44. Kf2 Kh6 45. Bb4 Kg7 $2 (45... Bc1 $19 46. Bf8+ Kg5) 46. Ba3 $2 (46. Bc3 $11) 46... Bc1 47. Bd3 Kf7 {[%emt 0:00:16][%cal Oh5h4] [#] White must now prevent ...h4!} 48. Bb5 Bg5 49. Be2 Bd8 $2 ({Black should play} 49... Bd2 $19 50. Bf1 Bc1) 50. Bb4 $1 $11 Bg5 51. Ba5 $2 (51. Ba3 $11) 51... Bc1 $19 52. Bc3 Kg6 53. Bd3+ Kg5 {[%emt 0:00:22] Hoping for ...h4.} 54. Bb4 h4 55. Be7+ Kh5 56. gxh4 $2 (56. Bxh4 Bxb2 57. Ke3) 56... Bxb2 57. Kg3 Bxd4 58. Bf6 b2 (58... Bc3 $142 59. Kf2 b2) 59. Bb1 Bc3 {[%emt 0:00:15] ( -> ...Be1+)} 60. Kf2 {[%emt 0:00:22] Prevents Be1+.} Bc6 {[%emt 0:00:04] Weighted Error Value: White=0.80/Black=0.38} (60... Bd2 $142 61. Ke2 Bf4) 0-1

[Event "Chinese League Div-A Rapid 2022"]
[Site "Fuling,Chongqing"]
[Date "2022.09.19"]
[Round "11.4"]
[White "Huang, Qian"]
[Black "Ni, Shiqun"]
[Result "1/2-1/2"]
[ECO "A20"]
[WhiteElo "2433"]
[BlackElo "2371"]
[Annotator "RC"]
[PlyCount "51"]
[EventDate "2022.09.07"]
[EventType "team-tourn"]
[EventCountry "CHN"]
[SourceTitle "playchess.com"]
[Source "ChessBase"]
[SourceQuality "1"]
[TimeControl "1500+10"]

1. c4 e5 2. g3 c6 3. d4 e4 4. d5 Bb4+ 5. Bd2 Qe7 6. e3 Bxd2+ 7. Qxd2 d6 8. Nc3 c5 9. Bg2 Nf6 10. h3 h5 11. Nge2 Bf5 12. O-O-O Nbd7 13. g4 hxg4 14. hxg4 Rxh1 15. Rxh1 Bxg4 16. Rh8+ Nf8 17. Ng3 O-O-O 18. Ncxe4 Ng6 19. Rxd8+ Qxd8 20. f3 Nxe4 21. Nxe4 Bf5 22. Ng3 Qg5 23. Nxf5 Qxf5 24. f4 Nh4 25. Bf1 g5 26. Bd3 1/2-1/2

[Event "Chinese League Div-A Rapid 2022"]
[Site "Fuling,Chongqing"]
[Date "2022.09.19"]
[Round "11.5"]
[White "Wang, Chuqiao"]
[Black "Ning, Kaiyu"]
[Result "1-0"]
[ECO "D31"]
[WhiteElo "2037"]
[BlackElo "2374"]
[Annotator "TA"]
[PlyCount "117"]
[EventDate "2022.09.07"]
[EventType "team-tourn"]
[EventCountry "CHN"]
[SourceTitle "playchess.com"]
[Source "ChessBase"]
[SourceQuality "1"]
[TimeControl "1500+10"]

1. d4 d5 2. c4 e6 3. Nc3 a6 4. cxd5 exd5 5. Nf3 h6 {[%emt 0:00:12] CPLX 2.0 8 (Ng8-f6) (=8)} 6. Bf4 {[%emt 0:00:24] BESTDEEP. D31: Queen's Gambit Declined: Semi-Slav without ...Nf6 (+ Marshall Gambit and Noteboom) and Exchange Variation lines without ...Nf6.} Nf6 {[%emt 0:00:02] BESTDEEP} 7. h3 {[%emt 0:00:16] CPLX 2.3 18 (Ra1-c1) (=9)} Bd6 {[%emt 0:00:02] CPLX 2.3 0 (Bc8-f5) (=3)} 8. Bxd6 {[%emt 0:00:14] CPLX 2.7 6 (e2-e3) (=8). The position is equal.} Qxd6 {[%emt 0:00:02] RECAPT} 9. e3 {[%emt 0:00:03] CPLX 2.0 8 (Qd1-c2) (=8)} Bf5 {[%emt 0:00:03] BESTDEEP} 10. Bd3 {[%emt 0:00:04] CPLX 2.4 5 (Nf3-h4) (=7)} Bxd3 {[%emt 0:00:30] CPLX 2.7} 11. Qxd3 {[%emt 0:00:01] RECAPT} O-O {[%emt 0:00:05] BESTDEEP} 12. O-O {[%emt 0:00:10] CPLX 2.0} Nbd7 {[%emt 0:00:02] [#] CPLX 2.1} 13. Rfd1 $146 {[%emt 0:00:36] CPLX 2.1 2 (a2-a4) (=5)} ({Predecessor:} 13. b4 c6 14. Rab1 b5 15. a4 Nb6 16. Ne5 Nfd7 17. a5 Nc4 18. Nxc4 bxc4 19. Qd2 {1-0 (28) Mikhalevski,V (2565)-Grandelius,N (2651) Chess.com INT 2020}) 13... Rfe8 {[%emt 0:00:04] CPLX 2.1} 14. Rac1 {[%emt 0:01:00] CPLX 2.1 0 (Qd3-c2) (=4)} Ne4 {[%emt 0:00:06] CPLX 2.1} 15. Ne2 {[%emt 0:00:27] CPLX 2.9 8 (Nf3-e5) (=5)} c6 {[%emt 0:00:24] CPLX 2.7} 16. Nd2 {[%emt 0:01:29] CPLX 2.7 1 (Qd3-b3) (=4)} f5 {[%emt 0:00:12] CPLX 3.3 6 (Nd7-f6) (=1)} 17. f3 {[%emt 0:01:01] CPLX 3.3 19 (Qd3-b3) (=6)} Nef6 {[%emt 0:00:23] CPLX 3.4 19 (Ne4xd2) (=3)} 18. Nf1 {[%emt 0:00:56] CPLX 2.3 0 (Rc1-c3) (=5)} g6 {[%emt 0:00:09][%cal Bg7g6,Bg6g5][%mdl 32] CPLX 2.1} 19. Nf4 {[%emt 0:01:24] CPLX 2.0 0 (g2-g4) (=5)} Nf8 {[%emt 0:03:44] BESTDEEP} 20. Qc2 {[%emt 0:00:26] CPLX 2.2 0 (Qd3-b3) (=4)} Re7 {[%emt 0:00:47] CPLX 2.3} 21. Qc5 {[%emt 0:01:43] CPLX 2.3 35 (Nf4-d3) (=6)} Qxc5 {[%emt 0:00:21] CPLX 2.7} 22. Rxc5 {[%emt 0:00:20] RECAPT} g5 {[%emt 0:00:10] CPLX 2.0} 23. Nd3 {[%emt 0:00:10] CPLX 2.2} N6d7 {[%emt 0:00:21] CPLX 2.0 48 (Nf8-e6) (=4)} (23... Ne6 $15 {should be considered.} 24. Rcc1 f4) 24. Rc3 $11 {[%emt 0:00:23] CPLX 2.0} Ng6 {[%emt 0:00:12] CPLX 2.0 16 (Nf8-e6) (=5)} (24... Ne6 $5 ) 25. Rb3 {[%emt 0:00:41] CPLX 2.0} Rb8 {[%emt 0:00:14] CPLX 2.0 17 (Nd7-f6) (=5)} 26. Kf2 {[%emt 0:00:28] CPLX 2.0 32 (f3-f4) (=6)} Kf7 {[%emt 0:00:14] MISS-f5-f4 38 (f5-f4) (=7)} 27. Ng3 {[%emt 0:00:25] BESTDEEP} Nh4 {[%emt 0:00:25] CPLX 2.6 39 (Kf7-e6) (=8)} 28. Nf1 {[%emt 0:01:26] CPLX 3.3 74 (f3-f4) (=9)} (28. f4 $16) 28... h5 {[%emt 0:00:30] RELBLUND 81 (Nh4-g6) (=11)} (28... Ng6 $11 {remains equal.}) 29. Ng3 $16 {[%emt 0:00:50] CPLX 3.1} Kg6 {[%emt 0:00:11] CPLX 3.4} 30. Nf1 {[%emt 0:01:35] CPLX 3.5 80 (f3-f4) (=12)} (30. f4 $16) 30... Kf6 {[%emt 0:00:09] CPLX 2.9 22 (Kg6-f7) (=11)} 31. Ng3 {[%emt 0:00:08] CPLX 3.3 22 (f3-f4) (=12)} Rh7 {[%emt 0:00:15] RELBLUND 56 (Kf6-g6) (=13)} (31... Kg6 $11) 32. e4 {[%emt 0:00:39] CPLX 3.2 16 (Rd1-f1) (=12)} f4 {[%emt 0:04:14] CPLX 3.7} 33. Ne2 {[%emt 0:00:14] Strongly threatening exd5. CPLX 4.5 17 (Ng3-f1) (=12)} dxe4 {[%emt 0:01:05] CPLX 3.7} 34. fxe4 {[%emt 0:00:01] RECAPT} Ng6 {[%emt 0:00:27] White stays focused until the end. CPLX 3.6 62 (Rh7-e7) (=14)} ({Black should try} 34... Re7 $14) 35. g3 {[%emt 0:01:42] CPLX 3.3 28 (e4-e5) (=12)} Re7 $2 {[%emt 0:01:05] RELBLUND 205 (f4xg3) (=20)} (35... fxg3+ $16 {was called for.} 36. Nxg3 (36. Kxg3 Rf7 $14) 36... Rf7) 36. e5+ $18 {[%emt 0:02:20] CPLX 3.8=>BLUNDERREACT} Kf5 {[%emt 0:00:05] CPLX 3.5 111 (Kf6-f7) (=23)} (36... Kf7 {might work better.} 37. gxf4 c5) 37. gxf4 {[%emt 0:00:14] DEEPSTRONG=>BLUNDERREACT} gxf4 {[%emt 0:00:06] [#] RECAPT 0 (Ng6xf4) (=22)} 38. Ndxf4 $1 {[%emt 0:00:12][%mdl 512] RECAPT} Nh4 $2 {[%emt 0:04:04] MISS-Ng6xf4 226 (Ng6xf4) (=28)} (38... Nxf4 39. Rf3 Kg6) (38... Rf8 39. Rf3) 39. Kg3 {[%emt 0:01:43] CPLX 4.9 249 (Rb3-g3) (=18)} Kg5 {[%emt 0:00:08] CPLX 5.8 91 (Nh4-g6) (=30)} 40. Kf2 $2 {[%emt 0:00:54] CPLX 4.8 400 (Rd1-g1) (=29)} (40. Rg1 $18) 40... b6 $2 {[%emt 0:04:36][%mdl 8192] MISSDEEP-Kg5-f5 400 (Kg5-f5) (=40)} (40... Kf5 $1 $11 {and Black is okay.} 41. Rg3 Rf8 42. Nxh5 Rh7) 41. Rg3+ {[%emt 0:01:09] CPLX 4.4 25 (Rd1-g1) (=29)} Kh6 {[%emt 0:00:17] CPLX 4.4} 42. Rdg1 {[%emt 0:00:11] [#] Black must now prevent Rg5. BESTDEEP} Nf5 {[%emt 0:01:38] EVAL 326 (Rb8-f8) (=47)} 43. Rg6+ {[%emt 0:00:18] EVAL} Kh7 {[%emt 0:00:01] EVAL} 44. R1g5 {[%emt 0:00:26] EVAL 51 (Nf4xh5) (=28)} Ng7 {[%emt 0:00:09] CPLX 4.7} 45. Rxc6 {[%emt 0:00:05] CPLX 4.0} Rf8 {[%emt 0:00:10] CPLX 4.0} 46. Ke1 {[%emt 0:00:37] CPLX 4.6} Rf5 {[%emt 0:02:12] BESTDEEP} 47. Rxf5 {[%emt 0:00:27] BESTDEEP} Nxf5 {[%emt 0:00:01] RECAPT} 48. Rc7 {[%emt 0:01:29] CPLX 2.3 84 (Nf4-d5) (=27)} Kh6 {[%emt 0:00:14] CPLX 2.6 56 (Nd7-f8) (=42)} 49. Nd5 {[%emt 0:00:52] CPLX 2.7} Rg7 {[%emt 0:00:51] CPLX 2.6 0 (Re7-h7) (=41)} 50. Ndf4 $2 {[%emt 0:01:57] CPLX 2.6 400 (Rc7-c8) (=35)} (50. Rc8 $18) 50... h4 $2 {[%emt 0:00:44][%mdl 8192] EVAL 400 (Rg7-e7) (=48)} (50... Re7 $11 51. Rc6+ Kg7 52. Rg6+ Kh7) 51. Rc6+ {[%emt 0:00:30] EVAL} Kh7 {[%emt 0:00:07] EASY} 52. Nh5 Re7 53. Nf6+ Kg7 54. Nd5 Rf7 55. e6 Nf6 56. exf7 Nxd5 57. Nc3 Nxd4 58. Rc8 ({Less strong is} 58. Nxd5 Nxc6 59. Nxb6 Kxf7 $16) 58... Nxc3 59. f8=Q+ {[%emt 0:00:13] Weighted Error Value: White=0.46/Black=0.41} 1-0

[Event "Chinese League Div-A Rapid 2022"]
[Site "Fuling,Chongqing"]
[Date "2022.09.19"]
[Round "11.6"]
[White "Ma, Zhonghan"]
[Black "Ma, Qun"]
[Result "1/2-1/2"]
[ECO "D12"]
[WhiteElo "2485"]
[BlackElo "2666"]
[Annotator "TA"]
[PlyCount "149"]
[EventDate "2022.09.07"]
[EventType "team-tourn"]
[EventCountry "CHN"]
[SourceTitle "playchess.com"]
[Source "ChessBase"]
[SourceQuality "1"]
[TimeControl "1500+10"]

1. d4 d5 2. c4 c6 3. Nf3 Nf6 4. e3 Bf5 5. Nc3 e6 6. Bd3 Bxd3 7. Qxd3 Bb4 8. O-O Nbd7 9. Bd2 a5 10. a3 Be7 {[%emt 0:01:11] D12: Slav Defence: 3 Nf3 Nf6 4 e3 Bf5.} 11. e4 dxe4 (11... Nc5 $5 12. dxc5 dxe4 13. Qxd8+ Rxd8 $11) 12. Nxe4 Nxe4 13. Qxe4 a4 {[%emt 0:00:05] [#]} 14. Bc3 $146 ({Predecessor:} 14. Rfd1 O-O 15. Bc3 Nf6 16. Qe2 Qc7 17. Rac1 Qf4 18. Bd2 Qe4 19. Qxe4 Nxe4 {0-1 (49) Cruz Lledo,P (2433)-Laurusas,T (2561) Viljandi 2022}) 14... O-O 15. Rad1 Re8 16. Rfe1 Nf6 17. Qe2 Qc7 18. Ne5 Nd7 19. Ng4 (19. Nxf7 Kxf7 20. Qxe6+ Kf8 $15) 19... h5 20. Ne3 g6 21. d5 exd5 22. cxd5 Bf6 23. Qc4 (23. Qd2 $5 Bxc3 24. Qxc3 $14) 23... Nb6 24. Qb4 Bxc3 25. Qxc3 Rad8 (25... Qd7 {keeps more tension.} 26. dxc6 Qxc6 27. Qxc6 bxc6 28. Rc1 Re6) 26. dxc6 Rxd1 (26... Qxc6 {seems wilder.} 27. Qxc6 bxc6 28. Kf1 Kf8) 27. Rxd1 Qxc6 28. Qxc6 bxc6 $14 {[%emt 0:00:02][%mdl 4096] Endgame KRN-KRN} 29. Kf1 Re5 30. Rc1 Rb5 31. Rc2 (31. Nd1 $5 ) 31... Kf8 32. Nd1 c5 33. Nc3 Ra5 34. Ne4 c4 35. Re2 (35. Nc3 $14) 35... Nd5 $11 36. Rc2 (36. g3 $11) 36... Nb6 $1 $14 37. Ke1 Ke7 38. Re2 Kd7 39. Kd1 Kc6 40. Nc3 Rf5 41. h4 Rf4 42. g3 Rf3 43. Ke1 Rf5 44. Re4 Rf6 45. Ke2 Rf5 46. f3 Rf6 47. Re5 Rd6 48. Re7 (48. Ra5 $14) 48... Rf6 (48... Nd5 $1 $11 49. Rxf7 Nxc3+ 50. bxc3 Rd3) 49. Ra7 $16 {[%emt 0:00:30] White is more active.} Re6+ 50. Kf2 Rd6 51. Rxf7 Rd2+ 52. Ke3 Rxb2 53. Rf6+ Kb7 54. Rxg6 Rc2 (54... Rb3 $16 55. Kd4 Rxa3) 55. Ne4 Ra2 56. Nc5+ $2 ({White should try} 56. Kd4 $18) 56... Kc7 $11 57. Kd4 Rxa3 58. Na6+ Kb7 59. Nc5+ Kc7 60. Rf6 c3 61. Na6+ Kb7 62. Nc5+ Kc7 63. Na6+ Kb7 64. Nc5+ Kc7 {[%emt 0:00:37] [#] White must now prevent ...c2.} 65. Na6+ Kb7 66. Nc5+ Ka7 {[%emt 0:00:06] And now ...c2 would win.} (66... Kc7 $5 67. Na6+ $11) 67. Rf7+ Ka8 {[%emt 0:00:02] Threatens to win with ...c2.} 68. Rf8+ Ka7 {[%emt 0:00:02] [#] aiming for ...c2.} 69. Rf7+ Ka8 70. Rf8+ Ka7 71. Rf7+ Ka8 72. Rf8+ ({Much worse is} 72. Kd3 Nd5 73. Na6 c2+ 74. Kxc2 Rc3+ 75. Kb2 Rb3+ 76. Kc2 Ne3+ 77. Kd2 Nf1+ 78. Kc2 Ne3+ 79. Kd2 Nf1+ 80. Kc2 Ne3+ $11) 72... Ka7 73. Rf7+ Ka8 74. Rf8+ Ka7 {[%emt 0:00:01] ...c2 is the strong threat.} 75. Rf7+ {[%emt 0:00:02] Blacks defense is rewarded with a draw.  Weighted Error Value: White=0.19 (very precise) /Black=0.15 (very precise)} 1/2-1/2

[Event "Chinese League Div-A Rapid 2022"]
[Site "Fuling,Chongqing"]
[Date "2022.09.19"]
[Round "11.7"]
[White "Wang, Hao B"]
[Black "Xu, Zhihang"]
[Result "0-1"]
[ECO "C46"]
[WhiteElo "2165"]
[BlackElo "2489"]
[Annotator "TA"]
[PlyCount "92"]
[EventDate "2022.09.07"]
[EventType "team-tourn"]
[EventCountry "CHN"]
[SourceTitle "playchess.com"]
[Source "ChessBase"]
[SourceQuality "1"]
[TimeControl "1500+10"]

1. e4 e5 2. Nf3 Nc6 3. Nc3 g6 4. Bc4 Bg7 5. d3 Nf6 {[%emt 0:00:45] CPLX 2.1 26 (Nc6-a5) (=26)} 6. Be3 {[%emt 0:00:48] CPLX 2.1 24 (a2-a4) (=24). C46: 3 Nc3: Unusual Black 3rd moves.} d6 {[%emt 0:00:14] CPLX 2.1 4 (0-0) (=15)} 7. h3 {[%emt 0:00:05] CPLX 2.2 0 (a2-a4) (=12)} Na5 {[%emt 0:01:26] [#] BESTDEEP} 8. Qd2 $146 {[%emt 0:00:36] CPLX 2.5 12 (a2-a4) (=12). The position is equal.} ({Predecessor:} 8. Bb3 Nxb3 9. axb3 a6 10. O-O O-O 11. Qd2 Be6 12. Ng5 Qe7 13. f4 exf4 14. Bxf4 {0-1 (39) Fjallheim,L (1527)-Baldvinsson,L (1961) Runavik 2016}) 8... Nxc4 {[%emt 0:00:02] CPLX 2.6 1 (b7-b6) (=8)} 9. dxc4 {[%emt 0:00:01] RECAPT} Be6 {[%emt 0:00:16] CPLX 2.1 16 (b7-b6) (=9)} 10. b3 {[%emt 0:00:04] CPLX 2.1 16 (Qd2-e2) (=10)} a6 {[%emt 0:02:23] CPLX 2.1} 11. a4 {[%emt 0:02:09] CPLX 2.1 0 (0-0) (=9)} h6 {[%emt 0:01:05] CPLX 2.1 0 (b7-b5) (=7)} 12. Qd3 {[%emt 0:03:02] CPLX 2.1 0 (0-0-0) (=7)} O-O {[%emt 0:00:29] CPLX 2.1 0 (Nf6-d7) (=6)} 13. g4 {[%emt 0:01:11] RELBLUND 73 (0-0-0) (=16)} (13. O-O-O $11) 13... Nd7 {[%emt 0:00:39] MISSDEEP-b7-b5 95 (b7-b5) (=16)} (13... b5 $1 $17) 14. O-O-O {[%emt 0:00:22] CPLX 2.3 5 (Rh1-g1) (=14)} Kh7 {[%emt 0:00:17] CPLX 2.3 26 (Qd8-e7) (=17)} 15. Rdg1 {[%emt 0:03:19] RELBLUND 93 (Rh1-g1) (=22)} (15. Rhg1 $14) 15... Qe7 {[%emt 0:01:12] MISSDEEP-c7-c6 50 (c7-c6) (=20)} (15... c6 $1 $15) 16. Nd5 {[%emt 0:02:12] CPLX 2.5 0 (a4-a5) (=20)} Bxd5 {[%emt 0:00:10] CPLX 3.1} (16... Qd8 {with more complications.} 17. a5 b5 18. axb6 cxb6 19. h4 Nc5) 17. cxd5 {[%emt 0:00:02] RECAPT} c6 {[%emt 0:01:04] BESTDEEP} 18. Rd1 {[%emt 0:01:46] CPLX 2.4 45 (g4-g5) (=21)} c5 {[%emt 0:00:23] RELBLUND 94 (Rf8-c8) (=22)} (18... Rfc8 $15) 19. Nd2 $14 {[%emt 0:02:55] DEEPSTRONG=>BLUNDERREACT} b6 {[%emt 0:00:23] CPLX 2.0 23 (Rf8-b8) (=22)} 20. h4 {[%emt 0:02:14][%cal Bh3h4,Bh4h5][%mdl 32] CPLX 2.0 24 (Kc1-b2) (=19)} Rfb8 {[%emt 0:00:17] CPLX 2.2 31 (b6-b5) (=23)} 21. h5 {[%emt 0:01:41] aiming for hxg6+. CPLX 2.1} g5 {[%emt 0:00:01] BESTDEEP} 22. Nf1 {[%emt 0:00:33] CPLX 2.2 35 (Nd2-c4) (=19)} b5 {[%emt 0:00:04] EASY} 23. axb5 {[%emt 0:00:32] CPLX 2.5} axb5 {[%emt 0:00:02] RECAPT 0 (Qe7-d8) (=19)} 24. Kd2 {[%emt 0:00:01] BESTDEEP} c4 {[%emt 0:01:44] RELBLUND 94 (Qe7-d8) (=23)} ({Black should play} 24... Qd8 $14) 25. bxc4 $16 {[%emt 0:00:02] EASY} bxc4 {[%emt 0:00:02] CPLX 2.9 0 (b5-b4) (=22)} 26. Qxc4 {[%emt 0:00:01] RECAPT 50 (Qd3-c3) (=18)} (26. Qc3 $16) 26... Rc8 {[%emt 0:00:07] CPLX 2.8 9 (Qe7-d8) (=21)} 27. Qd3 {[%emt 0:00:09] RELBLUND 58 (Qc4-b3) (=20)} (27. Qb3 $16) 27... Ra4 {[%emt 0:01:22][%cal Oa4d4] CPLX 3.1 45 (Qe7-d8) (=22)} (27... Qd8 {is more complex.} 28. Rc1 Ra2 29. Ng3 Qa5+) 28. Ke1 {[%emt 0:00:24] CPLX 3.3 31 (Nf1-g3) (=20)} (28. Ng3 $5 ) 28... Rac4 {[%emt 0:00:13] CPLX 2.7 40 (Ra4-d4) (=23)} 29. Rc1 {[%emt 0:00:11] CPLX 2.7 28 (Rd1-d2) (=21)} (29. Rd2 $5 ) 29... Nb8 {[%emt 0:03:06] MISS-Rc4-c3 112 (Rc4-c3) (=27)} (29... Rc3 $14 30. Qe2 Nf6) 30. c3 {[%emt 0:00:44] CPLX 2.6 6 (Nf1-g3) (=20)} Qc7 {[%emt 0:01:38] CPLX 2.6 30 (Qe7-d7) (=27)} 31. Ng3 {[%emt 0:00:22] CPLX 2.7 15 (Ke1-e2) (=20)} Na6 {[%emt 0:00:40] CPLX 2.9 99 (Bg7-f8) (=29)} (31... Bf8 $142 32. Nf5 Nd7) 32. Ne2 {[%emt 0:00:09] CPLX 2.9 133 (Rc1-a1) (=24)} (32. Ra1 $18) 32... Ra4 {[%emt 0:00:47] CPLX 2.6} 33. f3 {[%emt 0:00:20] CPLX 2.7 71 (Ke1-f1) (=26)} ({White should try} 33. Kf1 $16) 33... Nc5 {[%emt 0:00:07] CPLX 2.7 15 (Rc8-b8) (=28)} 34. Qc2 {[%emt 0:00:21] RELBLUND 75 (Qd3-d1) (=27)} (34. Qd1 $16 {Strongly threatening Bxc5.} Ra3 35. Kf2) 34... Rca8 $11 {[%emt 0:00:09] CPLX 3.5} 35. Kf2 {[%emt 0:00:40] CPLX 3.5 21 (Qc2-d1) (=27)} (35. Qd1 $5 ) 35... Qc8 {[%emt 0:00:25] [#] MISS-Ra4-a2 91 (Ra4-a2) (=29)} (35... Ra2 $11 {remains equal.} 36. Qd1 Na4) 36. Rhe1 $2 {[%emt 0:00:34] MISSDEEP-Kf2-g3 244 (Kf2-g3) (=34)} (36. Kg3 $1 $16 {stays on course.}) 36... Ra2 $36 {[%emt 0:00:14][%mdl 2048] Black has strong initiative. EASY} 37. Qd1 {[%emt 0:00:02] [#] CPLX 4.4} Nxe4+ $1 {[%emt 0:00:30][%mdl 64] Deflection. EASY} 38. fxe4 $4 {[%emt 0:01:16][%mdl 8192] Loses the game. RELBLUND 321 (Kf2-g1) (=42)} (38. Kg1 $17) 38... Qxg4 $19 {[%emt 0:00:02] EASY. Black is clearly winning.} 39. Rh1 {[%emt 0:00:08] CPLX 5.8 60 (Be3-d2) (=42)} Qxe4 {[%emt 0:00:14] EASY} 40. Rh3 {[%emt 0:01:31] CPLX 5.8 46 (Be3-d2) (=42)} f5 {[%emt 0:00:10] CPLX 5.8 64 (g5-g4) (=27)} 41. Qh1 {[%emt 0:00:08] BESTDEEP} Qg4 {[%emt 0:00:32] CPLX 6.5} 42. Qf3 {[%emt 0:00:03] EASY} Qxf3+ {[%emt 0:00:02] CPLX 6.5} 43. Rxf3 {[%emt 0:00:05] RECAPT} f4 {[%emt 0:00:01] ...g4 is the strong threat. EASY} 44. Rg1 {[%emt 0:00:06] CPLX 3.6 160 (Kf2-e1) (=42)} e4 {[%emt 0:00:34] EASY} ({Inferior is} 44... fxe3+ 45. Kxe3 Rc8 46. Rf7 $17) 45. Rh3 {[%emt 0:00:05] CPLX 4.0 244 (Rf3xf4) (=47)} Rc2 {[%emt 0:00:24] CPLX 3.9 316 (f4-f3) (=31)} 46. Re1 {[%emt 0:00:58] CPLX 4.0 139 (Rg1-c1) (=49)} f3 {[%emt 0:00:36] Weighted Error Value: White=0.62/Black=0.40} ({Avoid the trap} 46... fxe3+ $2 47. Rxe3 Ra4 48. Kf1 $19) (46... Bxc3 $142 47. Rc1 fxe3+ 48. Rxe3 Rxc1 49. Rxc3 Rh1) 0-1

[Event "Chinese League Div-A Rapid 2022"]
[Site "Fuling,Chongqing"]
[Date "2022.09.19"]
[Round "11.8"]
[White "Pang, Tao"]
[Black "Bai, Jinshi"]
[Result "1/2-1/2"]
[ECO "D94"]
[WhiteElo "2427"]
[BlackElo "2586"]
[Annotator "TA"]
[PlyCount "65"]
[EventDate "2022.09.07"]
[EventType "team-tourn"]
[EventCountry "CHN"]
[SourceTitle "playchess.com"]
[Source "ChessBase"]
[SourceQuality "1"]
[TimeControl "1500+10"]

1. Nf3 d5 2. d4 Nf6 3. c4 c6 4. e3 g6 5. Nc3 Bg7 6. Bd3 O-O 7. O-O Bg4 8. h3 Bxf3 9. Qxf3 dxc4 10. Bxc4 Nbd7 11. Rd1 e5 12. d5 e4 13. Nxe4 Nxe4 14. Qxe4 Nb6 15. Bb3 {[%emt 0:01:05] D94: Grünfeld: 4 Nf3 Bg7 5 e3.} cxd5 16. Qf3 Qf6 17. Qxf6 {[%emt 0:00:24] White is slightly better.} ({Of course not} 17. Bxd5 Nxd5 18. Rxd5 Qxf3 19. gxf3 Rfd8 $11) 17... Bxf6 18. Bd2 {[%emt 0:00:19] [#]} a5 $146 ({Predecessor:} 18... Bxb2 19. Rab1 Bf6 20. Ba5 Nc4 21. Rxd5 Nxa5 22. Rxa5 b6 23. Ra6 Rfd8 24. Bd1 Rd2 {1-0 (52) Cvitan,O (2510)-Campora,D (2550) Switzerland 1995}) 19. Bc3 Bxc3 20. bxc3 Rfd8 21. a4 Rac8 22. Rd3 Rd7 23. Rb1 Rc5 24. Bd1 Nc4 25. Bf3 Ne5 26. Rd4 Nxf3+ 27. gxf3 Rxc3 $11 {[%emt 0:00:02][%mdl 4096] Endgame KRR-KRR} 28. Rb5 {[%emt 0:00:02][%csl LRa5,LRd5] Inhibits Rc5.} Rc4 29. Rdxd5 (29. Rxa5 $11 Rxd4 30. exd4) 29... Rxd5 $15 30. Rxd5 b6 (30... Rxa4 $17 {...b6 is the strong threat.} 31. Rb5 Ra1+ 32. Kg2 a4 33. Rxb7 a3) 31. Rd4 {[%emt 0:00:55] The position is equal.} Rc5 32. Rd6 Rc4 33. Rd4 {[%emt 0:00:02] Weighted Error Value: White=0.12 (very precise) /Black=0.08 (flawless)} 1/2-1/2